 Dungeon Crawl Stone Soup version 0.31.0 (webtiles) character file.

Game seed: 12060758623896782826

30 qw the Shooter (level 3, 0/21 HPs)
             Began as a Gargoyle Hunter on Jan 19, 2024.
             Slain by a dart slug (2 damage)
             ... on level 1 of the Dungeon.
             The game lasted 00:00:01 (467 turns).

qw the Shooter (Gargoyle Hunter)                     Turns: 467, Time: 00:00:02

Health: 0/21       AC:  6    Str: 14    XL:     3   Next: 18%
Magic:  3/3        EV: 11    Int:  9    God:
Gold:   47         SH:  0    Dex: 15    Spells: 2/2 levels left

rFire   . . .        a - +0 shortbow
rCold   . . .        (shield currently unavailable)
rNeg    + . .        c - +0 leather armour
rPois   inf          (no helmet)
rElec   +            (no cloak)
rCorr   .            (no gloves)
SInv    .            (no boots)
Will    .....        (no amulet)
Stlth   ++           (no ring)
HPRegen 0.23/turn    (no ring)
MPRegen 0.08/turn

%: no passive effects
@: no status effects
A: sickness immunity, AC +3, negative energy resistance 1, electricity
resistance, torment resistance 1, petrification resistance
a: no special abilities


You were on level 1 of the Dungeon.
You visited 1 branch of the dungeon, and saw 1 of its levels.

You collected 47 gold pieces.


Innate Abilities, Weirdness & Mutations

You are immune to sickness and miasma.
Your stone body is resilient. (AC +3)
You are immune to poison.
You resist negative energy. (rN+)
You are resistant to electric shocks. (rElec)
You are resistant to unholy torment.
You are immune to petrification.


   Skills:
 + Level 2.2 Fighting
 - Level 5.0 Ranged Weapons
 - Level 1.5 Dodging
 - Level 1.1 Stealth


You had 2 spell levels left.
You didn't know any spells.
Your spell library was empty.

Inventory:

Hand Weapons
 a - a +0 shortbow (weapon)
Armour
 c - a +0 leather armour (worn)
 f - a +2 pair of gloves
Scrolls
 b - a scroll of butterflies
 d - 2 scrolls of teleportation {unknown}
Potions
 e - a potion of lignification {unknown}
 g - a potion of ambrosia {unknown}

Dungeon Overview and Level Annotations

Branches:
Dungeon (1/15)

Altars:

Shops:
D:1 [


Message History

You shoot an arrow. The arrow closely misses the rat.
The arrow hits the hobgoblin!
You kill the hobgoblin!
The rat barely misses you. The rat bites you. The quokka barely misses you.
The rat barely misses you. The rat bites you but does no damage.
Your Ranged Weapons skill increases to level 5!
You shoot an arrow. The arrow closely misses the rat.
The quokka bites you but does no damage.
The rat bites you but does no damage. The rat closely misses you.
You shoot an arrow. The arrow barely misses the rat.
The quokka misses you. The quokka barely misses you. The rat barely misses you.
The rat bites you but does no damage.
You shoot an arrow. The arrow hits the rat!
You kill the rat!
The quokka bites you. The dart slug launches a dart at you.
The slug dart hits you. The rat bites you.
You shoot an arrow. The arrow hits the quokka.
The quokka is moderately wounded.
The quokka bites you but does no damage.
The rat bites you but does no damage. The dart slug launches a dart at you.
The slug dart misses you. The dart slug launches a dart at you.
The slug dart hits you. The quokka bites you.
You shoot an arrow. The arrow hits the quokka.
The quokka is heavily wounded.
The rat barely misses you. The quokka barely misses you.
The dart slug launches a dart at you.
The slug dart hits you but does no damage.
You shoot an arrow.
The arrow hits the quokka but does no damage.
The quokka is heavily wounded.
The quokka bites you. The rat bites you but does no damage.
You shoot an arrow. The arrow hits the quokka.
You kill the quokka!
The rat completely misses you. The rat barely misses you.
You shoot an arrow. The arrow barely misses the dart slug.
The dart slug bites you.
You die...

.~...~....#
...#....~.##
.~...~.)...###
.......#.#...##
..#.#.........#
~.....~...¤...#
¤.~...%#...#.#
¤....¤wr.~...##
.#.#.$w@........
......#%#.######
~...~¤.¤..#
..#....~..#
~¤..¤.....#
......#.#.# .
.#..[....
....¤¤..~.#


You could see 2 dart slugs and a rat.

Vanquished Creatures
  A dart slug (D:1)
  3 endoplasms (D:1)
  4 giant cockroaches (D:1)
  A goblin (D:1)
  3 hobgoblins (D:1)
  A jackal (D:1)
  3 kobolds (D:1)
  2 quokkas (D:1)
  2 bats (D:1)
  4 frilled lizards (D:1)
  A rat (D:1)
25 creatures vanquished.

Notes
Turn   | Place    | Note
-------+----------+-------------------------------------------
     0 | D:1      | qw the Gargoyle Hunter began the quest for the Orb.
     0 | D:1      | Reached XP level 1. HP: 12/12 MP: 1/1
     0 | D:1      | 0 ||| qw: Version: 0.3-a-132-g3d54051
     0 | D:1      | 0 ||| qw: Game counter: 191
     0 | D:1      | 0 ||| qw: Melee chars always use a shield: true
     0 | D:1      | 0 ||| qw: God list: Okawaru
     0 | D:1      | 0 ||| qw: Allow faded altars: false
     0 | D:1      | 0 ||| qw: Do Orc after clearing Dungeon:15 true
     0 | D:1      | 0 ||| qw: Do second Lair branch before Depths: true
     0 | D:1      | 0 ||| qw: Lair rune preference: random
     0 | D:1      | 0 ||| qw: Goals: Normal
     0 | D:1      | 0 ||| PLANNING D:1-11
    19 | D:1      | Reached XP level 2. HP: 17/17 MP: 2/2
    61 | D:1      | Found Pana's Antique Armour Boutique.
    70 | D:1      | 70 ||| SHOPLISTING pair of gloves (81 gold, have 14).
    70 | D:1      | 70 ||| SHOPLISTING ring mail (72 gold, have 14).
   436 | D:1      | Reached XP level 3. HP: 21/21 MP: 3/3
   460 | D:1      | Reached skill level 5 in Ranged Weapons
   463 | D:1      | HP: 4/21 [dart slug/slug dart (3)]
   465 | D:1      | HP: 1/21 [quokka (1)]
   467 | D:1      | Slain by a dart slug

Levels and vault maps discovered:
D:1:      roderic_dead_forest, layout_basic, serial_shops, shop,
          nicolae_kite_square_tiling_tiny, st_stairs_8

Skill      XL: |  1  2  3 |
---------------+----------+-----
Ranged Weapons | 5 |  5.0
Fighting       | |  2.2
Dodging        | |  1.5
Stealth        | |  1.1

Action                     || total
---------------------------++-------
   Fire: Shortbow          ||    83
 Armour: Leather armour    ||    42
  Dodge: Dodged            ||    47

Table legend:
 A = Non-vault XP
 B = Vault XP
 C = Vault XP percentage of total XP
 D = Non-vault monster count
 E = Vault monster count
 F = Vault count percentage of total count
                 A         B        C        D         E       F
            +---------+---------+-------+---------+---------+-------
      Total |      39 |       4 |   9.3 |      23 |       2 |   8.0
            +---------+---------+-------+---------+---------+-------
        D:1 |      39 |       4 |   9.3 |      23 |       2 |   8.0
            +---------+---------+-------+---------+---------+-------
